 Dungeon Crawl Stone Soup version 0.30.1-3-gfc49f6343a (webtiles) character file.

Game seed: 6172289471821204758

53 spardeous the Digger (level 3, 0/26 HPs)
             Began as a Demigod Earth Elementalist on July 24, 2023.
             Slain by Terence
             ... wielding a +0 short sword
              (4 damage)
             ... on level 2 of the Dungeon.
             The game lasted 00:01:48 (1122 turns).

spardeous the Digger (Demigod Earth Elementalist)   Turns: 1122, Time: 00:01:49

Health: 0/26       AC:  2    Str:  9    XL:     3   Next: 42%
Magic:  1/8        EV: 12    Int: 21    God:
Gold:   27         SH:  0    Dex: 14    Spells: 4/5 levels left

rFire   + . .        d - +2 falchion (freeze)
rCold   + . .        (no shield)
rNeg    . . .        a - +0 robe
rPois   +            (no helmet)
rElec   +            (no cloak)
rCorr   +            (no gloves)
SInv    .            (no boots)
Will    .....        (no amulet)
Stlth   ++           (no ring)
HPRegen 0.24/turn    (no ring)
MPRegen 0.11/turn

%: no passive effects
@: resistant
A: high MP 1, forlorn, divine attributes
a: no special abilities


You were on level 2 of the Dungeon.
You visited 1 branch of the dungeon, and saw 2 of its levels.

You collected 27 gold pieces.

Inventory:

Hand Weapons
 d - a +2 falchion of freezing (weapon)
Armour
 a - a +0 robe (worn)
Scrolls
 c - a scroll of fear {unknown}
 f - a scroll of identify {unknown}
 g - 2 scrolls of teleportation {unknown}
 j - a scroll of amnesia {unknown}
Potions
 b - 2 potions of magic
 e - a potion of brilliance {unknown}
 i - a potion of heal wounds {unknown}
 k - a potion of resistance
 l - a potion of degeneration {unknown}


   Skills:
 - Level 1.7 Dodging
 - Level 1.7 Stealth
 - Level 1.7 Spellcasting
 - Level 0.8 Transmutations
 + Level 4.2 Earth Magic


You had 4 spell levels left.
You knew the following spells:

 Your Spells              Type           Power      Damage    Failure   Level
a - Sandblast             Erth           38%        2d10      2%          1

Your spell library contained the following spells:

 Spells                   Type           Power      Damage    Failure   Level
 Passwall                 Tmut/Erth      10%        N/A       8%          2
 Stone Arrow              Conj/Erth      20%        3d8       19%         3
 Petrify                  Tmut/Erth      12%        N/A       45%         4


Dungeon Overview and Level Annotations

Branches:
Dungeon (1/15)

Annotations:
D:2 Terence


Innate Abilities, Weirdness & Mutations

You have an increased reservoir of magic. (+10% MP)
You shall have no god before yourself.
Your divine heritage dramatically boosts your attributes as you level up.


Message History

You barely miss Terence.
Terence is heavily wounded.
Terence barely misses you.
It was a potion of resistance.
You feel protected. Terence hits you with a +0 short sword.
* * * LOW HITPOINT WARNING * * *
You take 2 damage, and have 7/26 hp.
It was a potion of curing.
You feel better. Terence closely misses you.
You regained 11 hp, and now have 18/26 hp.
You barely miss Terence.
Terence is heavily wounded.
Terence closely misses you. x2
You hit Terence but do no damage.
Terence is heavily wounded.
Terence closely misses you.
You hit Terence but do no damage.
Terence is heavily wounded.
Terence hits you with a +0 short sword.
You take 2 damage, and have 17/26 hp.
You hit Terence. You freeze Terence.
Terence is severely wounded.
Terence hits you with a +0 short sword.
You take 4 damage, and have 13/26 hp.
You closely miss Terence.
Terence is severely wounded.
Terence hits you with a +0 short sword.
* * * LOW HITPOINT WARNING * * *
Terence hits you with a +0 short sword.
* * * LOW HITPOINT WARNING * * *
You take 9 damage, and have 4/26 hp.
MASSIVE DAMAGE!!
Casting: Sandblast (safe; 2% risk of failure)
Confirm with . or Enter, or press ? or * to list all spells.
Aiming: Sandblast (safe; 2% risk of failure)
Press: ? - help, Shift-Dir - straight line, f/p - Terence
Aim: Terence, wielding a +0 short sword and wearing a +3 scale mail of positive energy (severely wounded, 84% to hit)
The blast of sand hits Terence but does no damage.
Terence is severely wounded.
Terence hits you with a +0 short sword.
You die...

.. #. ###. #### ... ..#
##.. #.# ########
....###.###......####
#@...............#
####.#@##.###.#..#.##.#
.......†...#
#.#.....#.#
####.......#
#.##.#..#.# #.##.#.##
#.##....... #. #.#.#
#......#### # #.#.#
######## # #.... #
..### # #. ###


You could see Terence.

Vanquished Creatures
  An adder (D:2)
  2 ball pythons (D:1)
  3 endoplasms (D:1)
  2 giant cockroaches (D:1)
  3 goblins (D:1)
  2 hobgoblins (D:1)
  7 jackals (D:1)
  3 quokkas (D:1)
  6 bats
  2 frilled lizards (D:1)
  3 kobolds (D:1)
  6 rats (D:1)
40 creatures vanquished.

Notes
Turn   | Place    | Note
-------+----------+-------------------------------------------
     0 | D:1      | spardeous the Demigod Earth Elementalist began the quest
                  | for the Orb.
     0 | D:1      | Reached XP level 1. HP: 14/14 MP: 5/5
   107 | D:1      | Reached skill level 3 in Earth Magic
   344 | D:1      | Reached XP level 2. HP: 20/20 MP: 2/7
   759 | D:1      | Reached XP level 3. HP: 26/26 MP: 4/8
   823 | D:1      | Reached skill level 4 in Earth Magic
  1037 | D:1      | You fall into a shaft and drop 1 floor!
  1101 | D:2      | Noticed Terence
  1122 | D:2      | Slain by Terence

Illustrated notes

Levels and vault maps discovered:
D:1:      dpeg_arrival_ratfight, layout_basic
D:2:      layout_loops_cross, uniq_terence

Skill      XL: |  1  2  3 |
---------------+----------+-----
Earth Magic    | 3 4 |  4.2
Dodging        | |  1.7
Stealth        | |  1.7
Spellcasting   | |  1.7
Transmutations | |  0.8

Action                     || total
---------------------------++-------
  Melee: Falchion          ||    19
   Cast: Sandblast         ||    66
    Use: Potion            ||     2
 Armour: Robe              ||    14
  Dodge: Dodged            ||    46
